 Dungeon Crawl Stone Soup version 0.30.0-10-gfe55d96785 (webtiles) character file.

Game seed: 15109668380464763203

85 monsoonserge the Trooper (level 4, -6/49 HPs)
             Began as an Ogre Cinder Acolyte on May 15, 2023.
             Was a High Priest of Ignis.
             Mangled by an iguana (7 damage)
             ... on level 4 of the Dungeon.
             The game lasted 00:05:18 (1670 turns).

monsoonserge the Trooper (Ogre Cinder Acolyte)      Turns: 1670, Time: 00:05:18

Health: -6/49      AC:  3    Str: 20    XL:     4   Next: 48%
Magic:  5/5        EV:  9    Int: 15    God:    Ignis [*****.]
Gold:   137        SH:  0    Dex:  4    Spells: 5/5 levels left

rFire   + . .        a - -1 hand axe (flame)
rCold   . . .        (no shield)
rNeg    . . .        b - +0 robe
rPois   .            (helmet restricted)
rElec   .            (no cloak)
rCorr   .            (gloves unavailable)
SInv    .            (boots unavailable)
Will    .....        (no amulet)
Stlth   +            (no ring)
HPRegen 0.28/turn    (no ring)
MPRegen 0.09/turn

%: no passive effects
@: no status effects
A: large, unfitting armour, tough skin 1
a: Renounce Religion, Fiery Armour, Foxfire Swarm, Rising Flame


You were on level 4 of the Dungeon.
You worshipped Ignis.
Ignis was extremely pleased with you.
You visited 1 branch of the dungeon, and saw 5 of its levels.

You collected 137 gold pieces.

Inventory:

Hand Weapons
 a - a -1 hand axe of flaming (weapon)
Missiles
 e - 3 throwing nets (quivered)
Armour
 b - a +0 robe (worn)
Scrolls
 c - 2 scrolls of enchant weapon {unknown}
 f - 4 scrolls of identify {unknown}
 g - a scroll of noise {unknown}
 h - a scroll of poison {unknown}
 i - a scroll of amnesia {unknown}
 k - a scroll of torment {unknown}
 l - a scroll of enchant armour {unknown}
 m - a scroll of fear {unknown}
 n - 2 scrolls of fog {unknown}
Potions
 d - a potion of ambrosia {unknown}
 j - a potion of lignification {unknown}


   Skills:
 + Level 4.8 Fighting
 + Level 3.7(3.8) Axes
 - Level 0.5(2.1) Maces & Flails
 - Level 0.2(2.2) Polearms
 + Level 1.3 Dodging
 + Level 1.2 Spellcasting
 + Level 3.0 Fire Magic


You had 5 spell levels left.
You didn't know any spells.
Your spell library contained the following spells:

 Spells                   Type           Power      Damage    Failure   Level
 Scorch                   Fire           20%        2d6       11%         2
 Summon Guardian Golem    Hex/Summ       0%         N/A       58%         3
 Orb of Destruction       Conj           0%         9d5       100%        7
 Spellforged Servitor     Conj/Summ      0%         N/A       100%        7


Dungeon Overview and Level Annotations

Branches:
Dungeon (5/15)
 Temple: D:4-7

Altars:

Annotations:
D:3 Pargi


Innate Abilities, Weirdness & Mutations

You are too large for most types of armour.
You have tough skin. (AC +1)


Message History

You start resting.
HP restored.
Items here: )) [[ †.
There is a stone staircase leading up here.
Found 9 stones.
Found a stone staircase leading up.
There is a stone staircase leading up here.
You climb upwards.
Found a stone staircase leading down.
There is a stone staircase leading down here.
The iguana bites you!
You hit the iguana. You burn the iguana.
You punch the iguana, but do no damage.
The iguana is moderately wounded.
The iguana bites you.
You hit the iguana but do no damage.
The iguana is moderately wounded.
The iguana bites you!
You barely miss the iguana.
The iguana is moderately wounded.
The iguana bites you.
You closely miss the iguana.
The iguana is moderately wounded.
The iguana closely misses you.
You hit the iguana. You burn the iguana.
The iguana is heavily wounded.
The iguana bites you but does no damage.
You hit the iguana but do no damage.
The iguana is heavily wounded.
The iguana bites you!
You hit the iguana but do no damage.
The iguana is heavily wounded.
The iguana bites you!
* * * LOW HITPOINT WARNING * * *
You hit the iguana but do no damage.
The iguana is heavily wounded.
The iguana bites you!
* * * LOW HITPOINT WARNING * * *
The iguana bites you!
You die...

.#####..# .#....
..#.....##.#....
...............
#....... .....
#...... ......
#.....##......
##............#
##......@l.##
#....>..........
#..........####..
#..........#
#...>.#.##.... ..
..# #....###..
.... .. .. #....
......... .#..##
#... ..#.......
.#...## #... #..
."....#


You could see an iguana.

Vanquished Creatures
  An orc wizard (D:5)
  2 adders (D:2)
  3 orcs (D:5)
  7 bats
  3 endoplasms (D:1)
  2 giant cockroaches (D:1)
  4 goblins (D:1)
  5 hobgoblins (D:1)
  2 jackals (D:1)
  3 ball pythons
  A frilled lizard (D:1)
  2 kobolds (D:1)
  4 rats
39 creatures vanquished.

Notes
Turn   | Place    | Note
-------+----------+-------------------------------------------
     0 | D:1      | monsoonserge the Ogre Cinder Acolyte began the quest for
                  | the Orb.
     0 | D:1      | Reached XP level 1. HP: 24/24 MP: 2/2
    91 | D:1      | Reached XP level 2. HP: 32/32 MP: 3/3
   386 | D:1      | Reached XP level 3. HP: 30/40 MP: 4/4
   582 | D:2      | Reached skill level 1 in Dodging
   658 | D:2      | Found a faded altar of an unknown god.
  1427 | D:3      | Noticed Pargi
  1442 | D:4      | Noticed a black bear
  1454 | D:5      | Entered Level 5 of the Dungeon
  1464 | D:5      | Reached XP level 4. HP: 13/49 MP: 5/5
  1670 | D:4      | HP: 1/49 [iguana (10)]
  1670 | D:4      | Mangled by an iguana

Illustrated notes

Levels and vault maps discovered:
D:1:      lightli_arrival_lavapool, layout_basic
D:2:      layout_loops_cross, dreamdust_ecumenical_altar_statues
D:3:      layout_loops_corners, kennysheep_generic_room_14, uniq_pargi
D:4:      layout_rooms, gammafunk_temple_overflow_statue, minmay_misc_feat_iff,
          hangedman_decor_opposing, nicolae_figureground_pulse
D:5:      layout_loops_ring, serial_shops, nicolae_shop_tiny_glass,
          kennysheep_nub, uniq_eustachio

Skill      XL: |  1  2  3 |
---------------+----------+-----
Fire Magic     | 3 |  3.0
Dodging        | 1 |  1.3
Fighting       | |  4.8
Axes           | |  3.7
Maces & Flails | |  0.5
Polearms       | |  0.2
Spellcasting   | |  1.2

Action                     |  1- 3 |  4- 6 || total
---------------------------+-------+-------++-------
  Melee: Hand axe          |   128 |    14 ||   142
         Punch             |       |     1 ||     1
 Armour: Robe              |    46 |     1 ||    47
  Dodge: Dodged            |    75 |     3 ||    78
